Map: [ESL] Equilibrium

Players

Clem

  • Race: Terran Terran
  • Spawn Location: 1:00

Serral - Winner!

  • Race: Zerg Zerg
  • Spawn Location: 11:00

Event: IEM Katowice 2024

VOD

Have the link to the VOD?

Description

Time

  • Played on: Feb. 11, 2024, 5:13 a.m.
  • Length: 15:22

All games in this series

Show
View Real Time Build Order
Export as new Build Order

Clem Terran 

Build Orders:  

Get SALT Encoding   

  12  0:00  SCV  
  13  0:12  SCV  
  14  0:18  Supply Depot  
  14  0:24  SCV  
  15  0:39  SCV  
  15  0:40  Barracks  
  16  0:43  Refinery  
  16  0:51  SCV  
  17  0:59  Barracks  
  17  1:03  SCV  
  18  1:15  SCV  
  19  1:28  Orbital Command, Reaper  
  19  1:30  Supply Depot  
  20  1:46  Reaper  
  21  1:53  SCV  
  22  2:02  Reaper  
  22  2:05  SCV  
  24  2:12  Command Center  
  24  2:17  SCV  
  24  2:20  Reaper  
  24  2:22  Refinery  
  26  2:29  SCV  
  27  2:40  Reaper  
  27  2:42  SCV  
  29  2:52  Command Center  
  29  2:57  SCV  
  30  3:05  Factory  
  30  3:14  SCV  
  30  3:17  Barracks Reactor  
  31  3:23  Barracks Tech Lab  
  31  3:26  SCV  
  33  3:28  Orbital Command  
  32  3:38  SCV  
  32  3:39  Supply Depot  
  33  3:42  Marine  
  33  3:43  Stimpack  
  34  3:50  SCV  
  34  3:54  Starport  
  34  3:55  SCV  
  36  4:00  Hellion  
  36  4:02  SCV  
  39  4:05  Hellion  
  39  4:09  Orbital Command  
  41  4:12  SCV  
  41  4:14  SCV  
  43  4:18  Barracks Reactor, Marine  
  43  4:24  SCV  
  43  4:26  SCV  
  43  4:29  Hellion  
  43  4:30  Hellion  
  47  4:36  Liberator, SCV x2  
  50  4:38  SCV  
  50  4:43  Supply Depot, Marine  
  52  4:48  SCV x2  
  52  4:50  Hellion, SCV  
  52  4:51  Hellion  
  59  4:54  Marine x2  
  59  4:59  Refinery  
  57  5:00  Marine, SCV  
  57  5:04  SCV  
  60  5:07  SCV, Engineering Bay  
  60  5:08  Engineering Bay  
  60  5:12  SCV, Marine  
  63  5:16  SCV  
  63  5:19  Supply Depot  
  63  5:21  Marine x2  
  66  5:22  Combat Shield  
  66  5:23  Orbital Command, Factory Reactor  
  66  5:25  SCV, Refinery  
  67  5:29  SCV  
  67  5:30  Barracks, Marine  
  69  5:37  Terran Infantry Weapons Level 1, SCV  
  69  5:38  Marine  
  69  5:39  Terran Infantry Armor Level 1  
  69  5:40  Marine  
  69  5:42  SCV  
  73  5:48  Medivac, Marine  
  73  5:49  SCV  
  77  5:50  SCV  
  77  5:52  Supply Depot  
  77  5:54  SCV  
  77  5:56  Marine  
  80  5:58  Marine  
  80  6:01  Barracks  
  80  6:02  Barracks  
  81  6:05  Marine, SCV x2  
  84  6:11  Supply Depot  
  84  6:13  Medivac  
  84  6:14  Marine, Widow Mine x2  
  84  6:15  SCV  
  84  6:17  SCV  
  93  6:27  Refinery  
  93  6:29  Factory  
  93  6:30  Supply Depot  
  93  6:33  SCV x3  
  93  6:34  Supply Depot  
  93  6:37  Barracks Reactor, Widow Mine x2  
  93  6:38  Marine  
  101  6:43  Armory, Supply Depot  
  101  6:52  Barracks Reactor x2, SCV x3, Marine x2  
  106  6:55  Medivac  
  106  6:56  Medivac  
  110  7:02  Widow Mine x2  
  110  7:04  SCV x3, Marine  
  110  7:05  Supply Depot  
  118  7:10  Marine x2  
  118  7:13  Factory Tech Lab  
  118  7:16  SCV x2  
  118  7:22  Marine x2  
  115  7:23  Command Center, Widow Mine  
  115  7:26  Supply Depot  
  118  7:31  Widow Mine  
  118  7:34  Widow Mine  
  118  7:36  Marine x5  
  127  7:37  Terran Infantry Weapons Level 2, Terran Infantry Armor Level 2  
  127  7:40  Marine x2  
  127  7:42  Drilling Claws  
  127  7:44  Supply Depot  
  127  7:49  Sensor Tower  
  127  7:53  Widow Mine  
  127  7:54  Marine, Medivac  
  127  7:57  Marine x5  
  137  8:00  Widow Mine x2  
  141  8:06  Medivac  
  141  8:07  Marine x3  
  141  8:08  SCV  
  141  8:12  Marine  
  141  8:15  Widow Mine, Marine x5, SCV  
  141  8:17  Terran Vehicle And Ship Armor Level 1  
  147  8:21  SCV  
  147  8:22  Widow Mine  
  147  8:25  Marine x3  
  149  8:32  Orbital Command, Medivac  
  149  8:35  Marine  
  149  8:36  Medivac  
  149  8:37  Supply Depot  
  149  8:38  Barracks x3, SCV x3  
  155  8:43  Widow Mine  
  155  8:46  Widow Mine, Marine x2  
  155  8:47  Marine  
  154  8:50  SCV x2  
  151  8:57  Widow Mine  
  151  8:58  SCV  
  151  9:02  SCV  
  149  9:03  Sensor Tower, Medivac  
  149  9:06  Planetary Fortress  
  149  9:09  SCV  
  150  9:11  Marine  
  150  9:14  Marine, Widow Mine  
  150  9:15  Marine  
  150  9:16  SCV x2  
  150  9:17  Marine  
  156  9:18  Widow Mine  
  156  9:19  Widow Mine  
  156  9:21  Marine, SCV  
  156  9:22  Supply Depot  
  163  9:28  SCV x2  
  163  9:30  Marine x2  
  152  9:36  Marine x2  
  152  9:37  SCV, Marine  
  153  9:40  SCV, Marine  
  153  9:42  SCV  
  153  9:44  Widow Mine, Marine x2  
  153  9:45  Marine  
  156  9:49  Widow Mine  
  156  9:50  Widow Mine  
  156  9:52  SCV  
  162  9:57  Terran Infantry Weapons Level 3  
  162  9:58  SCV  
  162  9:59  SCV x2  
  165  10:04  Refinery  
  165  10:07  Refinery  
  165  10:08  Terran Infantry Armor Level 3  
  165  10:09  SCV  
  170  10:14  Widow Mine x2, Marine x2  
  170  10:15  Barracks Tech Lab x2  
  170  10:16  SCV  
  170  10:17  SCV  
  172  10:28  Marauder, Marine x2  
  159  10:32  Command Center  
  159  10:33  Marine x4, Widow Mine  
  159  10:34  Marine  
  159  10:37  Marine  
  159  10:39  Widow Mine  
  161  10:42  Marine  
  161  10:43  Marine x2  
  161  10:45  Marine  
  165  10:54  Terran Vehicle And Ship Armor Level 2  
  165  10:59  Marine  
  165  11:01  Marine  
  165  11:04  Barracks Tech Lab  
  165  11:07  Ghost Academy  
  165  11:09  Supply Depot x2  
  165  11:11  Marine x3  
  165  11:12  Marauder x2  
  165  11:14  Widow Mine  
  165  11:15  SCV, Widow Mine  
  173  11:20  Widow Mine, Marine  
  173  11:21  Marine  
  173  11:22  Marine, Marauder  
  173  11:24  SCV  
  172  11:31  Command Center, SCV  
  173  11:36  Widow Mine  
  173  11:37  Marine x2  
  173  11:38  Marine x2  
  173  11:39  SCV  
  180  11:44  Widow Mine x2  
  180  11:45  Marauder  
  186  11:49  Marauder  
  186  11:51  Planetary Fortress  
  186  11:54  SCV x3  
  189  11:58  Widow Mine  
  195  12:01  Marauder, Marine  
  195  12:06  SCV x2  
  195  12:07  Concussive Shells  
  197  12:11  Marine, Marauder  
  199  12:17  Ghost, Widow Mine  
  200  12:23  Widow Mine  
  200  12:27  Marauder, Command Center, Widow Mine, Marine  
  200  12:28  Refinery  
  200  12:29  Sensor Tower  
  197  12:31  Marauder  
  197  12:32  Refinery  
  200  12:37  SCV  
  200  12:38  Widow Mine  
  200  12:39  Ghost  
  200  12:40  SCV  
  200  12:43  Sensor Tower  
  200  12:44  Missile Turret  
  195  12:46  Ghost, Widow Mine  
  195  12:47  SCV  
  195  12:48  Ghost  
  198  12:54  SCV  
  198  12:56  SCV  
  198  12:57  SCV  
  197  12:59  Marine x2  
  197  13:00  SCV  
  197  13:01  Unknown  
  200  13:15  Command Center  
  200  13:18  Neosteel Armor  
  200  13:24  Marauder, Widow Mine, Marine x2  
  200  13:25  Marine  
  200  13:26  Marine x2  
  200  13:27  Marine x2  
  180  13:30  Medivac  
  180  13:31  Marine x2  
  180  13:33  Marine  
  172  13:36  Widow Mine x2  
  172  13:37  Marine  
  175  13:41  Planetary Fortress, Marine x2  
  177  13:55  Marauder  
  174  13:58  Widow Mine  
  174  13:59  Marine x2  
  174  14:00  Marine  
  174  14:01  Marauder  
  176  14:03  Medivac  
  176  14:04  Marauder  
  176  14:05  Marine x2  
  176  14:06  Marauder  
  176  14:09  Widow Mine  
  184  14:10  Missile Turret  
  184  14:11  Sensor Tower  
  184  14:14  Starport  
  184  14:16  Fusion Core, Marauder  
  184  14:21  Ghost  
  184  14:25  Ghost, Widow Mine, Marine  
  184  14:26  Orbital Command, Ghost  
  184  14:27  Marine  
  184  14:29  Medivac, Marine  
  185  14:34  Medivac  
  185  14:36  Marine  
  185  14:38  Marauder  
  189  14:39  Sensor Tower  
  189  14:46  Ghost Academy  
  189  14:54  Starport Reactor  
  189  14:58  Supply Depot  
  189  14:59  Supply Depot  
  184  15:01  Supply Depot  
  184  15:02  Supply Depot  
Show
View Real Time Build Order
Export as new Build Order

Serral Zerg - Winner!

Build Orders: Hatch First, Lurkers 

Get SALT Encoding   

  12  0:00  Drone  
  13  0:12  Overlord  
  13  0:16  Drone  
  14  0:30  Drone x2  
  16  0:47  Hatchery  
  15  0:50  Drone  
  15  0:54  Drone  
  17  0:57  Drone  
  18  1:08  Extractor  
  17  1:12  Spawning Pool  
  17  1:15  Drone  
  17  1:18  Drone  
  18  1:27  Drone  
  19  1:38  Drone  
  20  1:49  Overlord  
  20  1:58  Queen x2  
  20  2:00  Zergling x4  
  26  2:10  Drone x2  
  26  2:12  Metabolic Boost  
  28  2:21  Drone x2  
  30  2:35  Hatchery  
  28  2:40  Drone  
  28  2:41  Zergling x2  
  28  2:44  Queen  
  30  2:49  Overlord  
  32  2:59  Zergling x2  
  32  3:00  Queen  
  32  3:03  Overlord  
  35  3:10  Zergling x4  
  35  3:12  Drone  
  38  3:15  Drone x3  
  38  3:17  Zergling x2  
  42  3:25  Drone x2  
  40  3:34  Queen  
  40  3:37  Zergling x2  
  40  3:38  Zergling x2  
  44  3:46  Queen  
  44  3:47  Queen  
  48  3:50  Overlord  
  48  3:51  Drone x2  
  48  3:53  Drone  
  51  3:58  Overlord  
  51  4:01  Drone x2  
  53  4:03  Drone x2  
  55  4:14  Overlord  
  55  4:16  Drone, Queen  
  56  4:21  Drone x5  
  61  4:25  Drone  
  61  4:28  Drone x2  
  61  4:31  Queen  
  64  4:33  Drone  
  64  4:37  Queen  
  66  4:43  Drone  
  66  4:44  Drone x3  
  70  4:47  Drone  
  71  4:53  Drone x3  
  71  4:59  Queen  
  76  5:04  Drone x2  
  76  5:05  Extractor, Evolution Chamber x2  
  76  5:06  Queen  
  77  5:07  Drone x2  
  77  5:13  Overlord  
  78  5:14  Zergling x2  
  78  5:15  Drone x3  
  78  5:20  Overlord  
  82  5:22  Overlord  
  82  5:31  Queen  
  82  5:33  Drone x4  
  82  5:34  Extractor  
  87  5:39  Zerg Melee Weapons Level 1, Zerg Ground Armor Level 1  
  87  5:41  Drone, Hatchery  
  87  5:43  Drone  
  87  5:49  Zergling x6  
  91  5:53  Spore Crawler  
  91  5:54  Drone x5  
  93  5:57  Drone x4  
  93  6:01  Drone  
  93  6:03  Overlord  
  98  6:05  Lair  
  98  6:08  Overlord  
  98  6:10  Overlord  
  98  6:16  Overlord  
  98  6:19  Overlord  
  98  6:20  Extractor x2, Queen  
  98  6:21  Baneling Nest  
  98  6:25  Overlord  
  97  6:27  Drone x5  
  97  6:31  Drone x4  
  106  6:40  Hatchery  
  106  6:41  Zergling x4  
  106  6:42  Unknown  
  106  6:43  Queen  
  106  6:45  Zergling x4  
  110  6:50  Zergling x10  
  115  6:54  Zergling x2  
  115  6:55  Zergling x8  
  115  6:58  Queen  
  115  7:00  Drone  
  123  7:07  Baneling x6  
  123  7:08  Baneling  
  123  7:10  Overlord  
  123  7:11  Overseer  
  123  7:18  Zergling x20  
  127  7:24  Drone  
  127  7:25  Drone  
  127  7:27  Zergling x6  
  127  7:28  Hydralisk Den  
  127  7:29  Baneling x6  
  131  7:31  Zergling x2, Centrifugal Hooks  
  131  7:32  Zergling x2  
  131  7:33  Zergling x6  
  131  7:35  Zerg Melee Weapons Level 2, Zerg Ground Armor Level 2  
  136  7:37  Zergling x8  
  136  7:40  Zergling x4  
  136  7:43  Overlord  
  141  7:46  Queen  
  141  7:48  Drone  
  141  7:51  Drone  
  142  7:52  Zergling x8  
  142  7:53  Baneling x6  
  146  8:01  Zergling x10  
  146  8:05  Overseer  
  147  8:09  Zergling x8  
  147  8:10  Zergling x4  
  143  8:15  Drone  
  143  8:16  Drone, Overseer  
  143  8:20  Drone x3  
  143  8:25  Grooved Spines  
  146  8:29  Drone  
  146  8:33  Zergling x2  
  146  8:34  Zergling x16  
  156  8:39  Drone x2  
  156  8:40  Baneling x5  
  157  8:48  Drone x4  
  148  8:49  Zergling x6  
  148  8:52  Baneling x7  
  148  8:54  Zergling x6  
  151  8:58  Zergling x2  
  149  9:04  Zergling x16  
  149  9:05  Zergling x2  
  149  9:08  Pneumatized Carapace  
  156  9:13  Hatchery  
  156  9:15  Zergling x16, Muscular Augments  
  162  9:18  Infestation Pit  
  162  9:22  Overseer  
  159  9:27  Zergling x16  
  159  9:33  Zergling x10  
  159  9:37  Zergling x10  
  157  9:47  Drone x2  
  157  9:48  Drone x6  
  164  9:52  Overlord  
  164  9:53  Overlord x4  
  164  9:56  Baneling x6  
  164  9:57  Baneling x2  
  164  9:58  Overlord  
  164  9:59  Baneling  
  164  10:00  Baneling x9  
  164  10:07  Zerg Missile Weapons Level 1, Overlord  
  164  10:09  Hive  
  164  10:11  Hydralisk x9  
  164  10:13  Zergling x4  
  184  10:20  Zergling x16  
  186  10:27  Zergling x8  
  177  10:30  Zergling x10  
  177  10:33  Zergling x6  
  180  10:35  Zergling x2  
  180  10:36  Zergling x2  
  180  10:39  Hydralisk x4  
  180  10:41  Drone  
  183  10:51  Overseer x2  
  183  10:54  Zergling x20  
  183  10:55  Spore Crawler  
  192  11:02  Zergling x8  
  192  11:03  Zergling x12  
  193  11:05  Overseer  
  193  11:17  Zergling x2, Burrow  
  193  11:18  Zergling x28  
  192  11:22  Zergling x2  
  192  11:25  Hatchery  
  192  11:28  Zerg Ground Armor Level 3  
  192  11:29  Extractor, Lurker Den  
  192  11:30  Adrenal Glands  
  192  11:32  Viper x2  
  190  11:38  Extractor  
  195  11:40  Drone x5  
  200  11:49  Zergling x12  
  200  11:56  Baneling x11  
  199  12:04  Overlord  
  196  12:14  Zergling x8  
  199  12:21  Zergling x18  
  200  12:27  Seismic Spines  
  200  12:28  Overseer  
  197  12:30  Overseer  
  197  12:35  Nydus Network  
  195  12:38  Zergling x12  
  195  12:42  Overseer  
  191  12:46  Baneling x4  
  191  12:47  Baneling x2, Zerg Missile Weapons Level 2  
  191  12:48  Zergling x14  
  191  12:49  Zergling x4  
  199  12:51  Baneling  
  199  12:52  Baneling  
  197  12:59  Baneling x4  
  197  13:01  Overlord  
  197  13:09  Lurker x3  
  196  13:24  Adaptive Talons  
  196  13:26  Zergling x16  
  196  13:27  Zergling x22  
  182  13:32  Lurker x3  
  182  13:34  Zergling x26  
  183  13:39  Zergling x20  
  197  13:43  Nydus Canal  
  197  13:48  Infestor  
  197  13:54  Zergling x12  
  195  14:01  Nydus Canal  
  185  14:03  Baneling x6  
  185  14:04  Infestor x2  
  185  14:05  Zergling x10  
  193  14:11  Zergling x14  
  193  14:15  Hatchery  
  193  14:16  Baneling x4  
  197  14:18  Nydus Canal  
  197  14:20  Overseer  
  196  14:30  Zergling x30  
  200  14:34  Infestor, Nydus Canal  
  200  14:39  Overseer  
  200  14:40  Baneling x12  
  200  14:45  Extractor x2  
  198  14:46  Drone  
  198  14:48  Spire  
  198  14:50  Ultralisk Cavern  
  197  14:58  Nydus Canal  
  197  14:59  Hatchery  
  196  15:00  Baneling x5  
  196  15:01  Baneling x7  
  196  15:03  Zergling x8  

Tags
 
Add a new tag
Caveats
  • Supply blocks, unpowered buildings, or Contaminate may cause inaccurate times.
  • Supply counts are checked every 10 seconds.